 Dungeon Crawl Stone Soup version 0.28.0-53-g5a82cb258f (webtiles) character file.

Game seed: 17278115319133237509

91 Gabide the Ducker (level 4, -6/41 HPs)
             Began as a Gnoll Monk on May 30, 2022.
             Killed from afar by Natasha (7 damage)
             ... with a magic dart
             ... on level 2 of the Dungeon.
             The game lasted 00:01:28 (1594 turns).

Gabide the Ducker (Gnoll Monk)                      Turns: 1594, Time: 00:01:29

Health: -6/41      AC:  2    Str: 11    XL:     4   Next: 59%
Magic:  5/5        EV: 15    Int:  9    God:
Gold:   44         SH:  0    Dex: 16    Spells: 5/5 levels left

rFire   . . .      SeeInvis .   a - +0 spear
rCold   . . .      Faith    .   (no shield)
rNeg    . . .      Spirit   .   b - +0 robe
rPois   .          Reflect  .   (no helmet)
rElec   .          Harm     .   (no cloak)
rCorr   .          Rampage  .   (no gloves)
Will    .....                   (no boots)
Stlth   +++.......              (no amulet)
HPRegen 0.13/turn               (no ring)
MPRegen 0.09/turn               (no ring)

@: mighty, slowed, very slow
A: fangs 1, strong nose, distributed training
a: no special abilities


You were on level 2 of the Dungeon.
You visited 1 branch of the dungeon, and saw 2 of its levels.

You collected 44 gold pieces.

Inventory:

Hand Weapons
 a - a +0 spear (weapon)
Armour
 b - a +0 robe (worn)
Scrolls
 d - 2 scrolls of identify {unknown}
 g - a scroll of blinking {unknown}
 h - a scroll of teleportation {unknown}
Potions
 e - a potion of ambrosia
 f - a potion of curing {unknown}
 i - a potion of flight {unknown}


   Skills:
 + Level 6.6 Fighting
 + Level 1.2 Short Blades
 + Level 1.2 Long Blades
 + Level 1.2 Axes
 + Level 1.2 Maces & Flails
 + Level 6.6 Polearms
 + Level 1.2 Staves
 + Level 1.2 Slings
 + Level 1.2 Bows
 + Level 1.2 Crossbows
 + Level 1.2 Throwing
 + Level 1.2 Armour
 + Level 6.6 Dodging
 + Level 4.3 Stealth
 + Level 1.2 Shields
 + Level 1.2 Unarmed Combat
 + Level 1.2 Spellcasting
 + Level 1.0 Conjurations
 + Level 1.0 Hexes
 + Level 1.0 Summonings
 + Level 1.0 Necromancy
 + Level 1.0 Translocations
 + Level 1.0 Transmutations
 + Level 1.0 Fire Magic
 + Level 1.0 Ice Magic
 + Level 1.0 Air Magic
 + Level 1.0 Earth Magic
 + Level 1.0 Poison Magic
 + Level 1.3 Invocations
 + Level 1.2 Evocations


You had 5 spell levels left.
You didn't know any spells.
Your spell library was empty.

Dungeon Overview and Level Annotations

Branches:
Dungeon (2/15)

Altars:

Annotations:
D:2 Natasha


Innate Abilities, Weirdness & Mutations

You have very sharp teeth.
Your uncanny sense of smell can sniff out nearby items.
Your experience applies equally to all skills.


Message History

Natasha barely misses you.
You closely miss Natasha.
Natasha is severely wounded.
Natasha claws you.
You hit Natasha but do no damage.
Natasha is severely wounded.
Natasha claws you!
You are too injured to fight recklessly!
You are too injured to fight recklessly!
You are too injured to fight recklessly!
You are too injured to fight recklessly!
You are too injured to fight recklessly!
You are too injured to fight recklessly!
You are too injured to fight recklessly!
You are too injured to fight recklessly!
You are too injured to fight recklessly!
You are too injured to fight recklessly!
You are too injured to fight recklessly!
You are too injured to fight recklessly!
You are too injured to fight recklessly!
You are too injured to fight recklessly!
You are too injured to fight recklessly!
You closely miss Natasha. You bite Natasha, but do no damage.
Natasha is severely wounded.
Natasha casts a spell.
You hit Natasha.
Natasha is severely wounded.
Natasha casts a spell at you. The magic dart hits you!
* * * LOW HITPOINT WARNING * * *
The white imp gestures at you. The puff of frost hits you!
* * * LOW HITPOINT WARNING * * *
Natasha barely misses you.
It was a potion of might.
You feel very mighty all of a sudden. The white imp completely misses you.
Natasha casts a spell at you. The magic dart hits you!
You die...

# ###...........#
#..#...†..........
...###.#...##...#.
#..###.#...###..).
....##.....†......
##...##..#.####..#.
........#.# #..#.
#.###5#.....#.#
##.##
#...h@####.##.#
###.# ......#.#
#.##.###...# ....^
#.####.##...#...#
....
#.........#.#..†##
...
#.........#.......
..
#.........###...##
. #####.....# #...#
#.....# #...#
####### #...#


You could see Natasha and a white imp (summoned).

Vanquished Creatures
  Terence (D:1)
  3 adders (D:2)
  A worm (D:2)
  5 endoplasms
  2 giant cockroaches (D:1)
  5 hobgoblins
  2 jackals (D:1)
  A quokka (D:1)
  3 ball pythons
  4 frilled lizards
  3 goblins
  A kobold (D:1)
  4 rats
35 creatures vanquished.

Notes
Turn   | Place    | Note
-------+----------+-------------------------------------------
     0 | D:1      | Gabide the Gnoll Monk began the quest for the Orb.
     0 | D:1      | Reached XP level 1. HP: 23/23 MP: 1/1
   146 | D:1      | Reached XP level 2. HP: 28/29 MP: 2/2
   681 | D:1      | Reached XP level 3. HP: 33/35 MP: 3/3
  1035 | D:2      | Noticed Terence
  1046 | D:2      | Reached skill level 1 in Invocations
  1080 | D:1      | Killed Terence
  1081 | D:1      | Reached skill level 1 in Short Blades
  1081 | D:1      | Reached skill level 1 in Long Blades
  1081 | D:1      | Reached skill level 1 in Axes
  1081 | D:1      | Reached skill level 1 in Maces & Flails
  1081 | D:1      | Reached skill level 1 in Staves
  1081 | D:1      | Reached skill level 1 in Slings
  1081 | D:1      | Reached skill level 1 in Bows
  1081 | D:1      | Reached skill level 1 in Crossbows
  1081 | D:1      | Reached skill level 1 in Throwing
  1081 | D:1      | Reached skill level 1 in Armour
  1081 | D:1      | Reached skill level 1 in Shields
  1081 | D:1      | Reached skill level 1 in Unarmed Combat
  1081 | D:1      | Reached skill level 1 in Spellcasting
  1081 | D:1      | Reached skill level 1 in Evocations
  1081 | D:1      | Reached XP level 4. HP: 38/41 MP: 5/5
  1334 | D:2      | Reached skill level 1 in Conjurations
  1334 | D:2      | Reached skill level 1 in Hexes
  1334 | D:2      | Reached skill level 1 in Summonings
  1334 | D:2      | Reached skill level 1 in Necromancy
  1334 | D:2      | Reached skill level 1 in Translocations
  1334 | D:2      | Reached skill level 1 in Transmutations
  1334 | D:2      | Reached skill level 1 in Fire Magic
  1334 | D:2      | Reached skill level 1 in Ice Magic
  1334 | D:2      | Reached skill level 1 in Air Magic
  1334 | D:2      | Reached skill level 1 in Earth Magic
  1334 | D:2      | Reached skill level 1 in Poison Magic
  1580 | D:2      | Noticed Natasha
  1593 | D:2      | HP: 1/41 [white imp/puff of frost[Natasha] (8)]
  1594 | D:2      | Killed from afar by Natasha

Illustrated notes

Levels and vault maps discovered:
D:1:      roderic_chinese_lattice_arrival, layout_basic,
          kennysheep_pointless_box
D:2:      minmay_kobold_bridge, layout_basic,
          ebering_ecumenical_altar_abandoned, uniq_natasha, uniq_terence

Skill      XL: |  1  2  3  4 |
---------------+-------------+-----
Invocations    | 1 |  1.3
Short Blades   | 1 |  1.2
Long Blades    | 1 |  1.2
Axes           | 1 |  1.2
Maces & Flails | 1 |  1.2
Staves         | 1 |  1.2
Slings         | 1 |  1.2
Bows           | 1 |  1.2
Crossbows      | 1 |  1.2
Throwing       | 1 |  1.2
Armour         | 1 |  1.2
Shields        | 1 |  1.2
Unarmed Combat | 1 |  1.2
Spellcasting   | 1 |  1.2
Evocations     | 1 |  1.2
Conjurations   | 1 |  1.0
Hexes          | 1 |  1.0
Summonings     | 1 |  1.0
Necromancy     | 1 |  1.0
Translocations | 1 |  1.0
Transmutations | 1 |  1.0
Fire Magic     | 1 |  1.0
Ice Magic      | 1 |  1.0
Air Magic      | 1 |  1.0
Earth Magic    | 1 |  1.0
Poison Magic   | 1 |  1.0
Fighting       | |  6.6
Polearms       | |  6.6
Dodging        | |  6.6
Stealth        | |  4.3

Action                   |  1- 3 |  4- 6 || total
-------------------------+-------+-------++-------
Melee: Spear             |   104 |    52 ||   156
       Punch             |     1 |     1 ||     2
       Bite              |     5 |     4 ||     9
  Use: Potion            |     1 |     1 ||     2
 Stab: Sleeping          |    10 |       ||    10
       Distracted        |     1 |       ||     1
Armor: Robe              |     1 |     3 ||     4
Dodge: Dodged            |    45 |    28 ||    73
